 Dungeon Crawl Stone Soup version 0.29-a0-925-g0a7a3d12f8 (webtiles) character file.

Game seed: 6550938582044956040

151 Alarak the Magician (level 5, -1/28 HPs)
             Began as a Deep Elf Conjurer on July 29, 2022.
             Slain by Ijyb
             ... wielding a +0 club
              (5 damage)
             ... on level 3 of the Dungeon.
             The game lasted 00:08:59 (3128 turns).

Alarak the Magician (Deep Elf Conjurer)             Turns: 3128, Time: 00:09:00

Health: -1/28      AC:  3    Str:  4    XL:     5   Next: 11%
Magic:  5/15       EV: 12    Int: 25    God:
Gold:   120        SH:  0    Dex: 13    Spells: 9/16 levels left

rFire   . . .      SeeInvis .   h - +0 short sword (venom)
rCold   + . .      Faith    .   (no shield)
rNeg    . . .      Spirit   .   a - +1 robe
rPois   .          Reflect  .   (no helmet)
rElec   .          Harm     .   (no cloak)
rCorr   .          Rampage  .   (no gloves)
Will    +....                   (no boots)
Stlth   ++........              (no amulet)
HPRegen 0.09/turn               i - ring of willpower
MPRegen 0.14/turn               l - ring of protection from cold

@: no status effects
A: no striking features
a: no special abilities


You were on level 3 of the Dungeon.
You visited 1 branch of the dungeon, and saw 3 of its levels.

You collected 120 gold pieces.

Inventory:

Hand Weapons
 h - a +0 short sword of venom (weapon)
Armour
 a - a +1 robe (worn)
 g - a +0 buckler
Jewellery
 i - a ring of willpower (left hand)
 l - a ring of protection from cold (right hand)
Potions
 b - a potion of magic
 e - a potion of attraction {unknown}
 f - a potion of berserk rage {unknown}
 j - a potion of mutation {unknown}
 k - 3 potions of brilliance {unknown}
 m - a potion of curing {unknown}


   Skills:
 - Level 2.4 Dodging
 - Level 2.4 Stealth
 - Level 6.4 Spellcasting
 - Level 5.0 Conjurations
 + Level 1.0 Hexes


You had 9 spell levels left.
You knew the following spells:

 Your Spells              Type           Power      Damage    Failure   Level
a - Magic Dart            Conj           100%       1d8       1%          1
b - Searing Ray           Conj           66%        2d6       1%          2
c - Fulminant Prism       Conj/Hex       11%        3d9       21%         4

Your spell library contained the following spells:

 Spells                   Type           Power      Damage    Failure   Level
 Dazzling Flash           Conj/Hex       46%        N/A       6%          3
 Ensorcelled Hibernation  Hex/Ice        20%        N/A       9%          2
 Passwall                 Tmut/Erth      6%         N/A       11%         2
 Swiftness                Air            8%         N/A       22%         3
 Iskenderun's Mystic Bla  Conj/Tloc      20%        2d6       26%         4


Dungeon Overview and Level Annotations

Branches:
Dungeon (3/15)

Altars:

Shops:
D:1 !!:

Annotations:
D:3 Ijyb


Message History

(Press . to maintain the ray.)
You feel sick. The adder bites you.
The searing ray hits the adder!
You kill the adder!
The searing ray hits Ijyb but does no damage.
You feel sick.
Your Hexes skill increases to level 1!
The searing ray misses Ijyb.
You feel sick.
The searing ray hits Ijyb.
Ijyb is lightly wounded.
You finish channelling your searing ray.
You feel sick.
The air fills with toxic fumes!
As you read the scroll labelled VUC OLOETIAJE, it crumbles to dust.
It was a scroll of poison.
You feel sick.
You are no longer poisoned.
Ijyb hits you with a +0 club.
Casting: Searing Ray (safe; 1% risk of failure)
Confirm with . or Enter, or press ? or * to list all spells.
Aiming: Searing Ray (safe; 1% risk of failure)
Press: ? - help, Shift-Dir - straight line The searing ray hits Ijyb.
Ijyb is moderately wounded. (Press . to maintain the ray.) Ijyb hits you with a +0 club.
The searing ray hits Ijyb but does no damage.
Ijyb is moderately wounded.
Ijyb hits you with a +0 club.
* * * LOW HITPOINT WARNING * * *
The searing ray hits Ijyb but does no damage.
Ijyb is moderately wounded.
Ijyb hits you with a +0 club.
* * * LOW HITPOINT WARNING * * *
The searing ray hits Ijyb.
Ijyb is heavily wounded.
You finish channelling your searing ray.
Ijyb closely misses you.
It was a potion of cancellation.
You feel magically purged. Ijyb hits you with a +0 club.
You die...

...............#.#.#.####
.##..#.##....#.§§§...#
...............§§§...#
.....÷......##.#§#.###
............##.#§#.#
...............§§#.#
##.#...........#§#.#
#......###.###.#g#.#
#..#.........###@#.#
.........§§§§§§§☼§##
.........§§§§§§§#§#
.........§§#§##§#§#
#.##......☼§ .#§#§#
#.##.....## ..#§#§#
.........###..#§#§#
#.###.........#§#§#
.............##.#.#


You could see Ijyb.

Vanquished Creatures
  A gnoll (D:1)
  5 adders
  A shadow imp (D:3)
  5 worms
  2 dart slugs
  7 ball pythons
  10 endoplasms
  A giant cockroach (D:2)
  3 goblins
  5 hobgoblins
  4 jackals (D:2)
  7 kobolds
  3 quokkas
  5 bats
  5 frilled lizards
  8 rats
72 creatures vanquished.

Notes
Turn   | Place    | Note
-------+----------+-------------------------------------------
     0 | D:1      | Alarak the Deep Elf Conjurer began the quest for the Orb.
     0 | D:1      | Reached XP level 1. HP: 10/10 MP: 6/6
   120 | D:1      | Reached XP level 2. HP: 9/15 MP: 1/8
   134 | D:1      | Reached skill level 5 in Conjurations
   139 | D:1      | Learned a level 2 spell: Searing Ray
   622 | D:1      | Found Alysh's Book Emporium.
   653 | D:1      | Reached skill level 4 in Spellcasting
   653 | D:1      | Reached XP level 3. HP: 19/19 MP: 4/10
   869 | D:1      | Found Foreth's Distillery.
   928 | D:1      | Found Idghuwk's Distillery.
  1526 | D:2      | Reached skill level 5 in Spellcasting
  1609 | D:2      | Reached XP level 4. HP: 24/24 MP: 8/13
  2192 | D:2      | Reached skill level 6 in Spellcasting
  2238 | D:2      | Learned a level 4 spell: Fulminant Prism
  2796 | D:3      | Reached XP level 5. HP: 28/28 MP: 10/15
  2899 | D:3      | Found a faded altar of an unknown god.
  3099 | D:3      | Noticed Ijyb
  3121 | D:3      | Reached skill level 1 in Hexes
  3128 | D:3      | Slain by Ijyb

Illustrated notes

Levels and vault maps discovered:
D:1:      saegor_arrival_fortress, layout_basic, serial_shops,
          nicolae_shop_stone, shop, nicolae_shop_crystal
D:2:      layout_loops_corners
D:3:      mumra_celtic_spiral_tile, layout_basic, lightli_temple_of_fire,
          shapermc_ecumenical_altar_mp_urbaneastern, uniq_ijyb, uniq_jessica

Skill      XL: |  1  2  3  4  5 |
---------------+----------------+-----
Conjurations   | 5 |  5.0
Spellcasting   | 4 5 6 |  6.4
Hexes          | 1 |  1.0
Dodging        | |  2.4
Stealth        | |  2.4

Action                   |  1- 3 |  4- 6 || total
-------------------------+-------+-------++-------
Melee: Unarmed           |    17 |       ||    17
 Cast: Magic Dart        |    59 |    37 ||    96
       Searing Ray       |     8 |    13 ||    21
  Use: Scroll            |       |     6 ||     6
       Potion            |       |     1 ||     1
Armor: Robe              |     3 |     2 ||     5
Dodge: Dodged            |    20 |     4 ||    24

Table legend: (Time is in decaauts)
 A = Elapsed time spent in this place.
 B = Non-inter-level travel time spent in this place.
 C = Inter-level travel time spent in this place.
 D = Time resting spent in this place.
 E = Time spent auto-exploring this place.
 F = Levels seen in this place.
 G = Mean time per level.
                   A        B        C        D        E       F      G
               +--------+--------+--------+--------+--------+-----+--------+
         Total |   3126 |   2984 |    142 |    458 |   2199 |   3 | 1042.0 |
       Dungeon |   3126 |   2984 |    142 |    458 |   2199 |   3 | 1042.0 |
               +--------+--------+--------+--------+--------+-----+--------+

Top non-repeatable levels by time:
     D:2: 1450 daAuts
     D:1: 1171 daAuts
     D:3: 505 daAuts
